 Dungeon Crawl Stone Soup version 0.26.1-10-gdfb7c7de75 (webtiles) character file.

Game seed: 8931325877100767375

232144 phalm the Peltast (level 19, 0/124 HPs)
             Began as a Gargoyle Fighter on Apr 11, 2021.
             Was the Champion of Okawaru.
             Splashed by a goliath frog's acid (11 damage)
             ... on level 1 of the Swamp.
             The game lasted 02:07:14 (45283 turns).

phalm the Peltast (Gargoyle Fighter)               Turns: 45283, Time: 02:07:14

Health: 0/124      AC: 31    Str: 30    XL:     19   Next: 7%
Magic:  34/35      EV: 11    Int: 13    God:    Okawaru [******]
Gold:   2609       SH: 23    Dex: 12    Spells: 32/43 levels left

rFire    + + .     SeeInvis +   N - +5 whip (distort)
rCold    + + .     Faith    .   H - +2 kite shield {reflect}
rNeg     + . .     Spirit   .   B - +2 chain mail {rC+}
rPois    ∞         Reflect  +   R - +0 helmet {SInv}
rElec    +         Harm     .   a - +0 cloak of Beomyrphe {rElec rF+ rC+ Dex+3} (curse)
rCorr    .         Rampage  .   E - +2 pair of gloves
Will     ++...     Clarity  +   g - +1 pair of boots {run}
Stlth    ..........             I - amulet of Raer {Reflect Str+4 SH+5}
HPRegen  0.30/turn              M - ring of willpower
MPRegen  0.24/turn              C - ring of protection from fire

@: about to teleport, corroded, flying, studying Staves, quick
A: big wings, see invisible, clarity, clever 1, negative energy resistance 1,
electricity resistance, unbreathing, petrification resistance, miasma immunity,
MP-powered wands, AC +14
}: 2/15 runes: decaying, serpentine
a: Stop Flying, Renounce Religion, Heroism, Finesse


You were on level 1 of the Swamp.
You worshipped Okawaru.
Okawaru was exalted by your worship.
You visited 6 branches of the dungeon, and saw 32 of its levels.
You also visited: Bailey.

You collected 3560 gold pieces.
You spent 951 gold pieces at shops.

Inventory:

Hand Weapons
 N - a +5 whip of distortion (weapon)
Missiles
 c - 12 atropa-tipped darts
 j - 6 datura-tipped darts
 n - 11 throwing nets
 K - 5 curare-tipped darts (quivered)
Armour
 a - the cursed +0 cloak of Beomyrphe (worn) {rElec rF+ rC+ Dex+3}
   (You bought it in a shop on level 2 of the Orcish Mines)

   It affects your dexterity (+3).
   It protects you from fire.
   It protects you from cold.
   It insulates you from electricity.
   It has a curse placed upon it.
 g - a +1 pair of boots of running (worn)
 m - a +2 ring mail of poison resistance
 B - a +2 chain mail of cold resistance (worn)
 D - a +2 scale mail of fire resistance
 E - a +2 pair of gloves (worn)
 H - a +2 kite shield of reflection (worn)
 R - a +0 helmet of see invisible (worn)
Magical Staves
 T - an uncursed staff of fire {unknown}
Jewellery
 A - an uncursed ring of positive energy
 C - a ring of protection from fire (right hand)
 I - the amulet of Raer (around neck) {Reflect Str+4 SH+5}
   (You took it off a gnoll sergeant on level 8 of the Dungeon)

   [amulet of reflection]

   It shields you and reflects attacks.
   It affects your strength (+4).
   It affects your SH (+5).
 M - a ring of willpower (left hand)
Wands
 d - a wand of flame (43)
 r - a wand of paralysis (59)
 t - a wand of disintegration (15)
 y - a wand of random effects (63)
 J - a wand of iceblast (2)
 O - a wand of polymorph (8)
 P - a wand of digging (3)
 V - a wand of enslavement (18)
Scrolls
 b - a scroll of torment
 e - 2 scrolls of holy word
 h - 11 scrolls of remove curse
 k - 3 scrolls of amnesia
 p - 3 scrolls of fear
 q - 5 scrolls of magic mapping
 s - 2 scrolls of vulnerability
 v - 5 scrolls of fog
 w - a scroll of enchant weapon
 x - 14 scrolls of teleportation
 z - 5 scrolls of immolation
 Q - a scroll of enchant armour
 X - 3 scrolls of blinking
Potions
 f - 8 potions of ambrosia
 i - 3 potions of cancellation
 l - 3 potions of lignification
 u - 2 potions of magic
 F - 6 potions of curing
 G - 3 potions of berserk rage
 L - 2 potions of invisibility {unknown}
 S - 2 potions of resistance
 U - a potion of mutation
 W - a potion of experience {unknown}
 Y - 4 potions of heal wounds
 Z - a potion of attraction
Books
 o - a manual of Staves


   Skills:
 * Level 15.4 Fighting
 - Level 12.0(12.7) Maces & Flails
 + Level 7.2(10.6) Staves
 + Level 14.4 Armour
 + Level 3.2 Dodging
 * Level 17.5 Shields
 - Level 12.8 Spellcasting
 - Level 9.0 Translocations
 + Level 12.6 Invocations
 + Level 4.5 Evocations


You had 32 spell levels left.
You knew the following spells:

 Your Spells              Type           Power        Failure   Level
a - Apportation           Tloc           62%          1%          1
b - Blink                 Tloc           N/A          1%          2
c - Gell's Gravitas       Tloc           15%          1%          3
d - Lesser Beckoning      Tloc           15%          1%          3
e - Slow                  Hex            8%           38%         2

Your spell library contained the following spells:

 Spells                   Type           Power        Failure   Level
 Portal Projectile        Hex/Tloc       40%          13%         3
 Animate Skeleton         Necr           16%          28%         1
 Corona                   Hex            8%           28%         1
 Foxfire                  Conj/Fire      32%          28%         1
 Magic Dart               Conj           32%          28%         1
 Shock                    Conj/Air       32%          28%         1
 Summon Small Mammal      Summ           32%          28%         1
 Call Imp                 Summ           8%           38%         2
 Corpse Rot               Necr/Air       N/A          38%         2
 Ensorcelled Hibernation  Hex/Ice        16%          38%         2
 Searing Ray              Conj           16%          38%         2
 Iskenderun's Mystic Bla  Conj/Tloc      20%          41%         4
 Conjure Flame            Conj/Fire      8%           63%         3
 Dazzling Flash           Conj/Hex       16%          63%         3
 Inner Flame              Hex/Fire       8%           63%         3
 Mephitic Cloud           Conj/Pois/Air  8%           63%         3
 Dispersal                Tloc           15%          71%         6
 Cause Fear               Hex            4%           95%         4
 Dispel Undead            Necr           8%           95%         4
 Fulminant Prism          Conj/Hex       4%           95%         4
 Leda's Liquefaction      Hex/Erth       4%           95%         4
 Sticky Flame             Conj/Fire      8%           95%         4
 Agony                    Necr           8%           100%        5
 Bolt of Magma            Conj/Fire/Erth 4%           100%        5
 Borgnjor's Vile Clutch   Necr/Erth      4%           100%        5
 Excruciating Wounds      Necr           4%           100%        5
 Fireball                 Conj/Fire      4%           100%        5
 Silence                  Hex/Air        4%           100%        5
 Yara's Violent Unravell  Hex/Tmut       4%           100%        5
 Iron Shot                Conj/Erth      4%           100%        6
 Shadow Creatures         Summ           N/A          100%        6
 Discord                  Hex            4%           100%        8
 Shatter                  Erth           4%           100%        9
 Sublimation of Blood     Necr           Unusable     N/A         2
 Statue Form              Tmut/Erth      Unusable     N/A         6

Dungeon Overview and Level Annotations

Branches:
Dungeon (15/15)            Temple (1/1) D:4            Lair (6/6) D:8
  Swamp (4/4) Lair:2        Snake (4/4) Lair:3        Slime (0/5) Lair:5
    Orc (2/2) D:11            Elf (0/3) Orc:2        Vaults (0/5) D:13
 Depths (0/5) D:15         Bailey (visited)

Altars:
Ashenzari
Cheibriados
Dithmenos
Elyvilon
Fedhas
Gozag
Hepliaklqana
Kikubaaqudgha
Makhleb
Nemelex Xobeh
Okawaru
Qazlal
Ru
Sif Muna
Trog
Uskayaw
Vehumet
Wu Jian
Xom
Yredelemnul
Zin
The Shining One
Beogh
Jiyva

Shops:
D:6 *([([=   D:15 }   Orc:2 }(*[   Snake:4 }}=

Portals:
Abyss: Swamp:3

Annotations:
Lair:3 exclusions: oklob plant and orange crystal statue
Swamp:1 1 transporter, exclusion: obsidian statue
Abyss:1 Donald; jifgo's ghost, adept DEFE


Innate Abilities, Weirdness & Mutations

You are resistant to torment.
Your stone body is resilient. (AC +14)
You are immune to poison.
Your large and strong wings let you fly indefinitely.
You resist negative energy. (rN+)
You are resistant to electric shocks. (rElec)
You can survive without breathing.
You are immune to petrification.
You are immune to miasma.
You have supernaturally acute eyesight. (SInv)
You possess an exceptional clarity of mind.
Your mind is acute. (Int +2)
You expend magic power (3 MP) to strengthen your wands.


Message History

The iron imp shouts, "Get thee gone, thou skyhacking guts-griping tiler!"
As you read the scroll of teleportation, it crumbles to dust.
You feel strangely unstable.
The quasit bites you but does no damage.
The quasit closely misses you. You block the quasit's attack.
The bunyip claws you! You block the bunyip's attack. x2
The ynoxinul hits you but does no damage.
The spriggan rider hits you but does no damage.
The rust devil hits you. The rust devil corrodes you!
You block the seven-headed hydra's attack. x2
The seven-headed hydra bites you!
* * * LOW HITPOINT WARNING * * *
The seven-headed hydra barely misses you.
You block the seven-headed hydra's attack.
The seven-headed hydra bites you but does no damage.
The seven-headed hydra closely misses you.
The goliath frog hits you from afar!!
* * * LOW HITPOINT WARNING * * *
The acid corrodes you!
You are splashed with acid!
You die...

≈≈≈..♣♣.≈≈.....≈≈≈.......♣
≈≈≈..♣♣♣..............≈≈.♣
.≈≈≈.....#########.....≈.♣
≈...≈.≈.##.......##.....♣♣
♣♣♣.....#8.......8#.≈..≈♣♣♣
♣♣♣.≈≈♣.#$!....[..#......≈♣
.♣♣♣≈...#:"..v....#...≈≈≈.♣
)...≈..©#©$(.8§x4D#©...≈≈≈♣
..≈≈.≈..#)[..§i5@.#...≈≈.♣♣
≈.≈≈≈.♣.#$$..§v345#.[.≈≈≈♣
≈♣≈≈..♣.#8....5F)8#.≈..≈.♣
♣♣.≈≈≈♣.##....)55##...≈..♣
♣♣.....(.#########.....≈♣♣
♣§.♣..............≈≈.♣♣♣
♣♣♣♣.≈...≈≈≈≈≈≈........♣
♣♣♣♣..≈≈≈≈≈.≈≈≈≈≈≈...≈≈.♣♣
♣.....≈≈..≈.....≈≈..≈≈§≈≈♣


You could see a bunyip, a seven-headed hydra (strong), an obsidian statue, a
spriggan rider, a hellwing (summoned), a rust devil (summoned), a goliath frog
(strong), a will-o-the-wisp, a ynoxinul (summoned), an iron imp (summoned), a
quasit (summoned), a crimson imp (summoned) and 2 ufetubi.

Vanquished Creatures
  A tentacled starspawn (Swamp:3)
  Agnes (D:15)
  4 nagarajas
  2 frost giants (Swamp:4)
  A stone giant (Orc:2)
  A purple draconian (Swamp:4)
  3 eleionomae
  A merfolk impaler (Swamp:4)
  11 hydras
  2 ice dragons (Swamp:4)
  2 centaur warriors
  5 ghost crabs
  A catoblepas (Lair:6)
  16 naga warriors
  6 alligators
  A dancing weapon (D:13)
  2 two-headed ogres
  4 anacondas
  7 death yaks
  2 death knights
  Urug (Lair:1)
  7 orc high priests (Orc:2)
  5 shock serpents
  8 naga sharpshooters
  A hell hog (Swamp:3)
  4 skeletal warriors
  The ghost of Alvadar the Destroyer, a novice DgFE (D:8)
  An unseen horror (D:12)
  6 goliath frogs
  6 bog bodies
  7 spriggan druids
  A phantasmal warrior (D:15)
  6 swamp dragons
  A deep elf archer (Swamp:4)
  6 naga ritualists
  4 ugly things
  A necromancer (D:15)
  A deep elf mage (D:14)
  A large abomination (Swamp:3)
  An orc sorcerer (Orc:1)
  4 manticores
  A worldbinder (Swamp:3)
  6 salamanders
  6 will-o-the-wisps
  3 mana vipers
  4 cyclopes
  A frost giant skeleton (D:15)
  2 guardian serpents
  31 black mambas
  6 starcursed masses (Swamp:3)
  19 naga magi
  4 elephants
  Psyche (D:8)
  28 cane toads
  A torpor snail (Lair:3)
  2 centaur skeletons
  A rime drake (Lair:1)
  Maggie (D:8)
  2 efreet (D:14)
  9 komodo dragons
  5 freezing wraiths
  3 tengu conjurers
  7 tyrant leeches
  3 trolls
  2 polar bears
  2 merfolk (Swamp:4)
  A queen bee (Lair:1)
  Grinder (D:2)
  9 hornets
  22 blink frogs
  3 dream sheep (Lair:6)
  10 slime creatures
  A shadow (D:14)
  Sigmund (D:5)
  10 spriggans
  6 wraiths
  48 yaks
  4 wyverns
  A fire dragon skeleton (D:15)
  4 basilisks
  23 vampire mosquitoes
  4 swamp worm simulacra (Swamp:4)
  6 wargs
  39 nagas
  A soldier ant (D:10)
  12 swamp worms
  14 hydra simulacra (Swamp:4)
  A swamp drake (Swamp:1)
  10 orc warriors
  17 water moccasins
  7 ice beasts
  3 black bears
  An eye of draining (D:13)
  A phantom (D:6)
  10 wolves
  14 ogres
  6 centaurs
  2 big kobolds
  26 bullfrogs
  10 gnoll sergeants
  2 scorpions
  34 killer bees
  23 wights
  2 howler monkeys
  5 electric eels
  4 centaur zombies
  A bullfrog zombie (D:11)
  7 jellies
  4 gnoll shamans
  6 hounds
  33 orc priests
  15 orc wizards
  Ijyb (D:3)
  6 hell rats
  3 iguanas
  Natasha (thrice) (D:3)
  13 worker ants
  A killer bee zombie (D:8)
  3 hound zombies
  2 hound skeletons
  A howler monkey zombie (D:3)
  32 gnolls
  Robin (D:2)
  A howler monkey skeleton (D:10)
  12 adders
  A white imp (D:9)
  3 swamp drake simulacra (Swamp:4)
  An ufetubus (D:6)
  2 oozes (D:2)
  2 adder skeletons (D:9)
  2 worms (D:3)
  4 dart slugs
  9 leopard geckos
  78 orcs
  4 giant cockroaches
  14 goblins
  8 hobgoblins
  3 jackals (D:6)
  4 quokkas
  3 ball pythons
  6 bats
  2 frilled lizards (D:1)
  A jackal zombie (D:5)
  23 kobolds
  2 leopard gecko zombies (D:6)
  2 quokka skeletons (D:8)
  7 rats
  2 briar patches (Swamp:4)
  A starspawn tentacle (Swamp:3)
1023 creatures vanquished.

Vanquished Creatures (collateral kills)
  A swamp worm (Swamp:4)
1 creature vanquished.

Vanquished Creatures (others)
  A nagaraja (Snake:4)
  A goliath frog (Swamp:2)
  A bloated husk (Swamp:2)
  A spriggan (Swamp:4)
  A vampire mosquito (Swamp:2)
  A sky beast (D:6)
  4 centaurs (Swamp:4)
  A briar patch (Swamp:4)
  A bush (Lair:1)
  28 foxfires
  45 fungi
  124 plants
  4 starspawn tentacles (Swamp:3)
213 creatures vanquished.

Grand Total: 1237 creatures vanquished

Notes
Turn   | Place    | Note
-------+----------+-------------------------------------------
     0 | D:1      | phalm the Gargoyle Fighter began the quest for the Orb.
     0 | D:1      | Reached XP level 1. HP: 14/14 MP: 1/1
   238 | D:1      | Reached XP level 2. HP: 10/19 MP: 2/2
  1020 | D:1      | Found a sparkling altar of Nemelex Xobeh.
  1023 | D:1      | Reached XP level 3. HP: 23/23 MP: 3/3
  1349 | D:2      | Noticed a bullfrog
  1357 | D:2      | Killed a bullfrog
  1358 | D:2      | Reached skill level 4 in Shields
  1358 | D:2      | Reached XP level 4. HP: 29/29 MP: 4/4
  1507 | D:2      | Noticed Robin
  1524 | D:2      | Reached XP level 5. HP: 28/33 MP: 5/5
  1527 | D:2      | Killed Robin
  1973 | D:3      | Noticed Grinder
  1992 | D:2      | Paralysed by Grinder for 6 turns
  2005 | D:2      | Paralysed by Grinder for 4 turns
  2017 | D:2      | Killed Grinder
  2018 | D:2      | Reached skill level 5 in Shields
  2018 | D:2      | Reached XP level 6. HP: 12/39 MP: 6/6
  2332 | D:3      | Noticed Natasha
  2336 | D:3      | Killed Natasha
  2410 | D:3      | Noticed Natasha
  2421 | D:3      | Killed Natasha
  2431 | D:3      | Reached XP level 7. HP: 38/44 MP: 7/7
  2712 | D:3      | Noticed Natasha
  2718 | D:3      | Killed Natasha
  2928 | D:3      | Noticed Ijyb
  2932 | D:3      | Paralysed by Ijyb for 4 turns
  2940 | D:3      | Killed Ijyb
  3236 | D:4      | Found a staircase to the Ecumenical Temple.
  3244 | Temple   | Entered the Ecumenical Temple
  3602 | D:4      | Found a shimmering altar of Xom.
  3867 | D:4      | Found a shimmering blue altar of Sif Muna.
  4016 | D:4      | Reached skill level 5 in Maces & Flails
  4016 | D:4      | Reached skill level 6 in Shields
  4393 | D:5      | Entered Level 5 of the Dungeon
  4414 | D:5      | Noticed Sigmund
  4429 | D:5      | Killed Sigmund
  4430 | D:5      | Reached skill level 5 in Fighting
  4430 | D:5      | Reached skill level 5 in Armour
  4430 | D:5      | Reached XP level 8. HP: 49/49 MP: 8/8
  4618 | D:4      | Identified Sif Muna's Grimoire of Lightness
  5016 | D:6      | Reached skill level 7 in Shields
  5032 | D:6      | Got a slimy leather armour
  5057 | D:6      | Identified the +0 leather armour of Sif Muna {rF+} (You
                  | found it on level 6 of the Dungeon)
  5100 | D:6      | Found Dinwuk's Armour Shop.
  5288 | D:6      | Found Daxza's Armour Boutique.
  5288 | D:6      | Found Bouheub's Jewellery Boutique.
  5289 | D:6      | Found Icvoneu's Antique Weapon Emporium.
  5300 | D:6      | Bought the +1 cloak of Gravitas {Will+ Stlth+} for 323 gold
                  | pieces
  5499 | D:6      | Reached XP level 9. HP: 30/55 MP: 9/9
  5644 | D:6      | Found an opulent altar of Gozag.
  5649 | D:6      | Found Gozag's Platinum Reserve.
  5663 | D:6      | Found Axieric's Weapon Shoppe.
  5833 | D:6      | Found a stormy altar of Qazlal.
  6065 | D:6      | Reached skill level 8 in Shields
  6580 | D:8      | Identified the +6 trident of Gozag {venom, Dex+2}
  6865 | D:8      | Noticed Psyche
  6872 | D:8      | Killed Psyche
  6873 | D:8      | Reached skill level 9 in Shields
  6930 | D:8      | Found a staircase to the Lair.
  6935 | D:8      | Noticed Maggie
  6960 | D:8      | Killed Maggie
  7253 | D:8      | Found a transporter.
  7255 | D:8      | Identified the amulet of Raer {Reflect Str+4 SH+5}
  7269 | D:8      | Noticed Alvadar's ghost (novice DgFE)
  7311 | D:8      | Reached XP level 10. HP: 61/61 MP: 10/10
  7355 | D:8      | Found a blossoming altar of Fedhas.
  7451 | D:8      | Found a transporter.
  7508 | D:8      | Found a glowing golden altar of the Shining One.
  7613 | D:8      | Found a sacrificial altar of Ru.
  8012 | D:8      | Killed Alvadar's ghost
  8013 | D:8      | Reached skill level 10 in Shields
  8453 | D:9      | Found a bloodstained altar of Trog.
  8857 | D:9      | Reached skill level 1 in Spellcasting
  9029 | D:9      | Found an ancient bone altar of Kikubaaqudgha.
  9424 | D:9      | Found an iron altar of Okawaru.
  9434 | D:9      | Found an ornate altar of the Wu Jian Council.
  9438 | D:9      | Became a worshipper of Warmaster Okawaru
  9449 | D:9      | Found a glowing silver altar of Zin.
  9600 | D:9      | Found an iron altar of Okawaru.
  9650 | D:10     | Entered Level 10 of the Dungeon
  9685 | D:10     | Reached skill level 1 in Invocations
  9703 | D:10     | Reached * piety under Okawaru
 10209 | D:6      | Bought a +3 whip of distortion for 324 gold pieces
 10347 | D:10     | You fall into a shaft and drop 2 floors!
 10354 | D:12     | Noticed a purple ugly thing
 10379 | D:12     | Killed a purple ugly thing
 10379 | D:12     | Reached ** piety under Okawaru
 10380 | D:12     | Reached XP level 11. HP: 54/68 MP: 15/15
 10720 | D:12     | Reached skill level 11 in Shields
 10756 | D:12     | Reached *** piety under Okawaru
 10762 | D:12     | Reached skill level 10 in Maces & Flails
 10777 | D:12     | Noticed a cyclops
 10800 | D:12     | Killed a cyclops
 11108 | D:12     | Noticed a four-headed hydra
 11135 | D:12     | Banished a four-headed hydra
 11374 | D:12     | Noticed a five-headed hydra
 11390 | D:12     | Killed a five-headed hydra
 11618 | D:12     | Noticed a manticore
 11630 | D:12     | Killed a manticore
 11630 | D:12     | Reached **** piety under Okawaru
 11773 | D:12     | Noticed a skeletal warrior
 11782 | D:12     | Noticed a death knight
 11795 | D:12     | Killed a skeletal warrior
 11796 | D:12     | Reached skill level 5 in Spellcasting
 11803 | D:12     | Noticed a skeletal warrior
 11815 | D:12     | Killed a death knight
 11831 | D:12     | Killed a skeletal warrior
 11831 | D:12     | Reached ***** piety under Okawaru
 11832 | D:12     | Reached XP level 12. HP: 23/75 MP: 18/20
 12417 | D:12     | Noticed a seven-headed hydra
 12470 | D:12     | Banished a seven-headed hydra
 12471 | D:12     | Reached skill level 12 in Shields
 12543 | D:12     | HP: 1/75 [manticore/volley of spikes (11)]
 13402 | D:11     | Found a staircase to the Orcish Mines.
 13454 | D:11     | Reached skill level 5 in Invocations
 13605 | D:11     | Received a gift from Okawaru
 14262 | D:10     | Learned a level 1 spell: Apportation
 14793 | Lair:1   | Entered Level 1 of the Lair of Beasts
 14887 | Lair:1   | Reached skill level 1 in Translocations
 15212 | Lair:1   | Reached XP level 13. HP: 28/80 MP: 23/23
 15607 | Lair:1   | Noticed Urug
 15630 | Lair:1   | Killed Urug
 15900 | Lair:1   | Reached skill level 13 in Shields
 16987 | Lair:2   | Found a staircase to the Swamp.
 17521 | Lair:3   | Found a staircase to the Snake Pit.
 17524 | Lair:3   | Reached skill level 10 in Armour
 17534 | Lair:3   | Reached ****** piety under Okawaru
 17656 | Lair:3   | Received a gift from Okawaru
 17731 | Lair:3   | Reached skill level 10 in Fighting
 18156 | Lair:3   | You fall into a shaft and drop 2 floors!
 18366 | Lair:4   | Gained mutation: Your large and strong wings let you fly
                  | indefinitely. [Gargoyle growth]
 18366 | Lair:4   | Reached XP level 14. HP: 73/88 MP: 26/26
 18390 | Lair:4   | Reached skill level 14 in Shields
 18454 | Lair:4   | Got a masterwork ring mail
 18465 | Lair:4   | Identified the +3 ring mail of Miucis {Int+6 Dex+2} (You
                  | found it on level 4 of the Lair of Beasts)
 19501 | Lair:3   | Found a glowing silver altar of Zin.
 20169 | Lair:5   | Found a staircase to the Slime Pits.
 20183 | Lair:5   | Found a viscous altar of Jiyva.
 20326 | Lair:5   | Received a gift from Okawaru
 21388 | Lair:6   | Entered Level 6 of the Lair of Beasts
 22051 | Lair:6   | Reached skill level 5 in Translocations
 22426 | Lair:5   | Received a gift from Okawaru
 22436 | Lair:5   | Got a bloodstained dire flail {god gift}
 22478 | Lair:5   | Reached skill level 10 in Spellcasting
 22705 | Lair:5   | Reached skill level 15 in Shields
 22808 | Lair:6   | Reached XP level 15. HP: 69/94 MP: 29/29
 23626 | Lair:6   | Received a gift from Okawaru
 23629 | Lair:6   | Got a transparent flail {god gift}
 24410 | Orc:1    | Entered Level 1 of the Orcish Mines
 24951 | Orc:1    | Found a roughly hewn altar of Beogh.
 25120 | Orc:2    | Entered Level 2 of the Orcish Mines
 25218 | Orc:2    | Noticed Donald
 25223 | Orc:2    | Banished Donald
 25249 | Orc:2    | Found a staircase to the Elven Halls.
 25538 | Orc:2    | Found a roughly hewn altar of Beogh.
 25756 | Orc:2    | Found Zacasap's Assorted Antiques.
 25822 | Orc:2    | Found Validis's Antique Armour Shop.
 25854 | Orc:2    | Bought a heavily runed cloak for 304 gold pieces
 25866 | Orc:2    | Identified the cursed +0 cloak of Beomyrphe {rElec rF+ rC+
                  | Dex+3} (You bought it in a shop on level 2 of the Orcish
                  | Mines)
 26215 | Orc:2    | Found Juamiw's Antique Weapon Shop.
 26215 | Orc:2    | Found Axiqer's Gadget Emporium.
 27097 | D:13     | Identified the Volume of Orientation
 27102 | D:13     | Found a gate to the Vaults.
 27154 | D:13     | Found a flagged portal.
 27179 | D:13     | Reached skill level 10 in Invocations
 27192 | Bailey   | Entered a bailey
 27564 | Bailey   | Found the +12 glaive of Prune {vorpal}
 27901 | D:13     | Received a gift from Okawaru
 28858 | D:14     | Reached XP level 16. HP: 101/101 MP: 31/31
 29955 | D:14     | Got a crude scale mail
 29966 | D:14     | Identified the +4 scale mail of the King of the Hill {rCorr
                  | Str-4 Int+4 Dex+5} (You found it on level 14 of the
                  | Dungeon)
 30058 | D:15     | Entered Level 15 of the Dungeon
 30131 | D:15     | Learned a level 2 spell: Blink
 30135 | D:15     | Learned a level 3 spell: Gell's Gravitas
 30139 | D:15     | Learned a level 3 spell: Lesser Beckoning
 30339 | D:15     | Received a gift from Okawaru
 30340 | D:15     | Found a staircase to the Depths.
 30849 | D:15     | Noticed Agnes
 30879 | D:15     | Killed Agnes
 30951 | D:15     | Found Siwettuw's Gadget Shop.
 31356 | Snake:1  | Entered Level 1 of the Snake Pit
 31912 | Snake:1  | Identified a scroll of acquirement
 31918 | Snake:1  | Acquired a manual of Staves
 32133 | Snake:1  | Gained mutation: You have supernaturally acute eyesight.
                  | (SInv) [potion of mutation]
 32133 | Snake:1  | Gained mutation: Your mind is acute. (Int +2) [potion of
                  | mutation]
 32133 | Snake:1  | Gained mutation: You possess an exceptional clarity of
                  | mind. [potion of mutation]
 32133 | Snake:1  | Gained mutation: You expend magic power (3 MP) to
                  | strengthen your wands. [potion of mutation]
 32479 | Snake:2  | Received a gift from Okawaru
 32513 | Snake:2  | Identified a +1 pair of boots of running (Okawaru gifted it
                  | to you on level 2 of the Snake Pit)
 32939 | Snake:2  | Found a broken altar of Ashenzari.
 34086 | Snake:3  | Reached XP level 17. HP: 108/108 MP: 33/33
 35210 | Snake:3  | Reached skill level 16 in Shields
 35345 | Snake:4  | Entered Level 4 of the Snake Pit
 35647 | Snake:4  | Received a gift from Okawaru
 35762 | Snake:4  | Reached skill level 1 in Staves
 35784 | Snake:4  | Found Ugeshryen's Gadget Boutique.
 35845 | Snake:4  | Reached skill level 1 in Evocations
 36440 | Snake:4  | Received a gift from Okawaru
 36834 | Snake:4  | Found Gutzat's Jewellery Shoppe.
 36835 | Snake:4  | Found Cikirr's Gadget Boutique.
 37407 | Snake:4  | Reached XP level 18. HP: 117/117 MP: 34/34
 37448 | Snake:4  | Got a serpentine rune of Zot
 37666 | Swamp:1  | Entered Level 1 of the Swamp
 38099 | Swamp:1  | Found a transporter.
 38137 | Swamp:1  | Found an opulent altar of Gozag.
 38182 | Swamp:1  | Found a transporter.
 38506 | Swamp:1  | Reached skill level 1 in Dodging
 38522 | Swamp:1  | Received a gift from Okawaru
 38794 | Swamp:1  | Reached skill level 5 in Staves
 39562 | Swamp:2  | Learned a level 2 spell: Slow
 40138 | Swamp:2  | Reached skill level 17 in Shields
 41215 | Swamp:3  | Found a transporter.
 41228 | Swamp:3  | Reached skill level 15 in Fighting
 41236 | Swamp:3  | Noticed jifgo's ghost (adept DEFE)
 41289 | Swamp:3  | Found a one-way gate to the infinite horrors of the Abyss.
 41299 | Swamp:3  | Found a transporter.
 41304 | Swamp:3  | Identified the +8 lajatang "Opnimoi" {distort, rF+}
 41426 | Swamp:4  | Entered Level 4 of the Swamp
 41547 | Swamp:4  | HP: 2/119 [acid[a spriggan druid] (10)]
 42363 | Swamp:4  | Was placed under penance by Okawaru
 44103 | Swamp:4  | Was forgiven by Okawaru
 44740 | Swamp:4  | Got a decaying rune of Zot
 44884 | Swamp:3  | Reached XP level 19. HP: 67/124 MP: 35/35
 44893 | Swamp:3  | Banished jifgo's ghost
 45007 | Swamp:3  | Got a distressingly furry chain mail
 45156 | Swamp:3  | Identified the +2 chain mail of Elitism {Str+2} (You found
                  | it on level 3 of the Swamp)
 45281 | Swamp:1  | Received a gift from Okawaru
 45283 | Swamp:1  | Splashed by a goliath frog's acid

Illustrated notes

Levels and vault maps discovered:
D:1:      dpeg_arrival_tiny_c, layout_basic, amcnicky_mini_rare_corridor_liquid,
          minmay_crystal_water, nemelex_xobeh_ov_fountains_minmay
D:2:      layout_basic, minmay_tetromino_t4, uniq_robin
D:3:      layout_basic, serial_glass, glass_columns_a, glass_columns_b,
          nrook_loot_triangle, serial_bayou_pond_d, grunt_ministairs_6,
          uniq_grinder, uniq_natasha, uniq_ijyb
D:4:      layout_loops_ring, kennysheep_mini_moat,
          minmay_temple_entry_sparse_star, led_sif_book
D:5:      layout_gridville, uniq_sigmund
D:6:      layout_gridville, nicolae_overflow_hidden_temple,
          nicolae_gozag_zags_fifth_avenue, serial_shops, shop,
          nicolae_shop_waterfront, shop, nicolae_shop_window_shopping, shop
D:7:      layout_gridville
D:8:      layout_basic, kennysheep_little_box, lemuel_doored_altar,
          general_overflow_altar, dpeg_oklobed_lair,
          gammafunk_ghost_gnarly_gnolls, grunt_ministairs_13, uniq_maggie,
          uniq_psyche
D:9:      layout_loops_corners, marbit_many_paths,
          nicolae_overflow_crystal_walls, minitemple, grunt_ministairs_11,
          st_stairs_14, okawaru_altar_gauntlet_db
D:10:     layout_loops_cross
D:11:     layout_rooms, david_orc_2
D:12:     layout_basic, minmay_puff
D:13:     layout_long_grid, erik_vaults_1, enter_bailey_7, minivault_11,
          kennysheep_dice
D:14:     layout_loops_cross, minmay_misc_feat_rugged
D:15:     gammafunk_depths_entry_grave, layout_gridville, serial_shops, shop,
          fountainhead, uniq_agnes
Temple:   cyrus_temple_forest
Lair:1:   layout_roguey [special_room_bee], uniq_urug
Lair:2:   layout_gridlike, nicolae_swamp_entry_splash_gauntlet
Lair:3:   statuecave_lemuel, layout_small_grid,
          minmay_snake_entry_six_corridors, basic_altar,
          cheibrodos_lair_reptile_den, minmay_lair_oklob_chamber
Lair:4:   layout_loops_ring, beast_lair_carwin_4, grunt_megastairs_1
Lair:5:   layout_cave_pods, slime_altar_1, serial_bayou_shore_b
Lair:6:   minmay_lair_end_frog_pond, layout_regular_city,
          chequers_serial_rivers_large_a
Swamp:1:  gammafunk_sealed_arena, layout_basic_swamp, lemuel_altar_in_water
Swamp:2:  layout_basic_swamp, hangedman_swamp_blocks
Swamp:3:  layout_falls_marsh, gammafunk_ghost_abyssal_escape,
          evilmike_swamp_ruin_house_6
Swamp:4:  swamp_icy, layout_basic_swamp
Snake:1:  layout_misc_corridors
Snake:2:  layout_chambers, basic_altar, grunt_ministairs_9, st_stairs_12,
          lemuel_fruit_tree
Snake:3:  layout_gridlike, guppyfry_library_mini, serial_bayou_shore_b,
          grunt_megastairs_3
Snake:4:  snake_pit, layout_onion_interference, special_room,
          nicolae_coiled_stairwell_up, minmay_shop_grove
Orc:1:    layout_caves, mines1_david
Orc:2:    st_orc_town, layout_caves, special_room, uniq_donald

Skill      XL: |  1  2  3  4  5  6  7  8  9 10 11 12 13 14 15 16 17 18 |
---------------+-------------------------------------------------------+-----
Maces & Flails | 3 4 5 6 8 9 10 11 12 | 12.0
Shields        | 4 5 6 7 9 10 11 12 13 15 16 17 | 17.5
Armour         | 4 5 6 7 8 9 10 11 12 13 14 | 14.4
Fighting       | 4 5 6 7 8 9 10 11 12 13 14 15 | 15.4
Spellcasting   | 3 5 7 8 10 11 12 | 12.8
Invocations    | 2 4 5 7 8 10 11 12 | 12.6
Translocations | 1 3 5 7 8 9 |  9.0
Staves         | 4 7 |  7.2
Evocations     | 2 4 |  4.5
Dodging        | 3 |  3.2

Action                   |  1- 3 |  4- 6 |  7- 9 | 10-12 | 13-15 | 16-18 | 19-21 || total
-------------------------+-------+-------+-------+-------+-------+-------+-------++-------
Melee: Flail             |    46 |       |       |   198 |       |       |       ||   244
       Whip              |    48 |   116 |   487 |   715 |  1786 |  2227 |    42 ||  5421
       Spear             |       |       |    38 |       |       |       |       ||    38
Throw: Dart              |       |       |     2 |     1 |       |    11 |       ||    14
 Cast: Gell's Gravitas   |       |       |       |       |       |     3 |       ||     3
       Blink             |       |       |       |       |       |    17 |     1 ||    18
 Abil: Fly               |       |       |       |       |     1 |       |       ||     1
Evoke: Wand              |       |       |     5 |    19 |    37 |    59 |     1 ||   121
  Use: Scroll            |       |     5 |     7 |    11 |     8 |     8 |     2 ||    41
       Potion            |       |     1 |     1 |     8 |     3 |     3 |       ||    16
 Stab: Paralysed         |       |       |    11 |       |       |       |       ||    11
       Invisible         |       |       |     1 |       |       |       |       ||     1
       Distracted        |       |       |       |       |       |     1 |     1 ||     2
       Fleeing           |       |       |       |       |       |       |     1 ||     1
Armor: Scale mail        |    48 |    59 |    80 |       |       |       |       ||   187
       Chain mail        |       |       |   226 |   458 |   569 |   825 |    30 ||  2108
       Skin              |       |       |       |    19 |       |       |       ||    19
Dodge: Dodged            |    26 |    33 |   128 |   256 |   317 |   362 |    15 ||  1137
Block: Kite shield       |    50 |    74 |   280 |    60 |       |  1406 |    57 ||  1927
       Buckler           |       |       |       |   363 |   806 |   249 |       ||  1418
       Reflection        |       |       |       |     5 |     5 |   169 |       ||   179
